wizbiz, neutral female human Wizard ---------- ------------ |........-############|..........| #-........| #|..........+# ----------- --------- ###|........| #|..........|##*#*#..........| |??????.| # --.-.----- #|...........# |<.........# |??????.| a ### #-----.------# --|--------# |.......| @ #### ########` # # # --|------ # #### # # ### # ## # ###########*####### # # # # # # ### -----.--.--- # # # ### # # |..........| # ---.--- # # # ## |..........| # |.....| # ## # -------|- |..........| ###|.....| # -|----# |.......| +..........| #-.....| ## |.>...# |.......| |........<.| |.....| #---------- |....| |.....{.| |..........| |.....| #|........| |....| |.......| ------------ |.....| #.........| ------ |.......| ------- |........| --------- ---------- wizbiz the Conjurer Experience level: 5 Strength: 11 Dexterity: 12 Constitution: 13 Intelligence: 16 Wisdom: 17 Charisma: 8 Health: 0(36) Energy: 7(33) Def: 1 Gold: 370 Moves: 2484 Dungeon seed: 91uT2irUH2z6Bw-2 Game ID: wizbiz_1529096415 Your Inventory: Coins $ - 370 gold pieces Weapons a - a blessed +3 quarterstaff (weapon in hands) q - 23 +0 darts r - a blessed +0 arrow s - a +0 arrow z - a +0 dagger Armor N - an uncursed +0 cloak of magic resistance (being worn) Comestibles C - an uncursed clove of garlic E - an uncursed tin of gecko meat J - 2 uncursed food rations L - an uncursed apple M - an uncursed cream pie Scrolls i - 3 uncursed scrolls of identify j - an uncursed scroll of genocide t - a cursed scroll of light Q - an uncursed scroll of enchant weapon Spellbooks k - a blessed spellbook of force bolt l - an uncursed spellbook of cause fear w - an uncursed spellbook of jumping F - an uncursed spellbook of detect monsters P - an uncursed spellbook of slow monster Potions f - an uncursed potion of sickness g - an uncursed potion of gain energy h - an uncursed potion of paralysis m - an uncursed potion of sleeping u - 2 uncursed potions of water x - a blessed potion of oil H - an uncursed potion of extra healing K - a cursed potion of invisibility O - an uncursed potion of levitation Rings c - an uncursed ring of protection from shape changers (on left hand) d - an uncursed ring of invisibility o - an uncursed ring of stealth Wands b - a wand of polymorph (0:8) A - a wand of cold (0:8) Tools e - an uncursed skeleton key y - an expensive camera (0:68) D - an uncursed oil lamp (0:1418) I - an uncursed tallow candle (0:200) Gems n - 2 uncursed worthless pieces of violet glass Spells and supernatural/magical abilities: Name Level Category Fail Memory a - force bolt 1 attack 0% 88% c - cause fear 3 enchantment 0% 88% j - jumping 1 escape 0% 92% n - detect monsters 1 divination 0% 97% s - slow monster 2 enchantment 0% 100% W - pray for help -- divine ? -- Your skills at the end: Fighting Skills Weapon Skills quarterstaff [Basic] Spellcasting Skills attack spells [Basic] enchantment spells [Basic] Final Attributes: You were piously aligned. You were poison resistant. You were magic-protected. You were protected from shape changers. You are dead. Vanquished creatures: a shrieker a gnome lord a red naga hatchling a giant ant a kitten a homunculus a kobold lord a giant bat 2 iguanas 2 killer bees an acid blob 2 coyotes a hobbit a hobgoblin 4 giant rats 2 cave spiders 2 brown molds a green mold 4 gnomes a gecko a jackal 3 foxes a kobold 5 grid bugs a lichen 3 kobold zombies 5 newts 50 creatures vanquished. Voluntary challenges: You had been an atheist until turn 2468. You used a wielded weapon 37 times, starting on turn 68. You read items or engraved 9 times, starting on turn 683. You never genocided any monsters. You never polymorphed an object. You never changed form. You used no wishes. You never split a pudding. You never wrote Elbereth's name. You violated your moral code, losing 14 points of alignment, starting on turn 1014. Dungeon overview: The Dungeons of Doom: levels 1 to 6 Level 1 a long staircase Level 2 Level 3 stairs to The Gnomish Mines Level 4 (vault) a sink Level 5 many fountains Level 6 <- You were here a scroll shop, a fountain stairs to Sokoban The Gnomish Mines: Level 4 stairs to The Dungeons of Doom Sokoban: Level 5 stairs to The Dungeons of Doom History has recorded: On T:1 you entered the Dungeons of Doom to retrieve the Amulet of Yendor! On T:111 you reached level 2 of The Dungeons of Doom. On T:579 you reached level 3 of The Dungeons of Doom. On T:687 you reached level 4 of The Dungeons of Doom. On T:768 you reached level 1 of The Gnomish Mines. On T:808 you advanced to experience level 2. On T:1205 you advanced to experience level 3. On T:1512 you reached level 5 of The Dungeons of Doom. On T:1581 you reached level 6 of The Dungeons of Doom. On T:1642 you advanced to experience level 4. On T:1983 you advanced to experience level 5. On T:2057 you reached level 4 of Sokoban. Score breakdown: Gold: 370 ( 8740 points) Experience: 5 levels (11141 points) Exploration: 6 levels ( 12.24%) ( 9682 points) Discoveries: 6 items ( 2.08%) ( 4330 points) Valuables value: (no points given unless you survive) Artifact value: 0 ( 0 points) Variety of kills: 27 monsters ( 7.09%) ( 7986 points) Turncount: 2484 turns ( -321 points) Survival: died (score multiplied by 80%) Total score: 33246 Latest messages: You feel that Thoth is well-pleased. You feel much better. You are now wearing a ring of protection from shape changers. You hear a door open. The killer bee stings! (2x) The gecko bites! The killer bee stings! (3x) The killer bee just misses! The killer bee stings! (8x) The spell misses the killer bee. The killer bee stings! (3x) The spell misses the killer bee. The killer bee stings! The spell misses the killer bee. The spell hits it. You kill it! The killer bee stings! You die... Final status: Goodbye wizbiz the Wizard, killed by a killer bee... You died in The Dungeons of Doom on dungeon level 6 with 33246 points, and 370 pieces of gold, after 2484 moves. You were level 5 with a maximum of 36 hit points when you died.